 Dungeon Crawl Stone Soup version 0.30-a0-639-g3916f1956a (webtiles) character file.

Game seed: 7029489028859372711

606 drugrobin the Insei (level 6, 0/52 HPs)
             Began as a Demigod Delver on Jan 15, 2023.
             Slain by Prince Ribbit (15 damage)
             ... on level 6 of the Dungeon.
             The game lasted 00:10:19 (4533 turns).

drugrobin the Insei (Demigod Delver)                Turns: 4533, Time: 00:10:19

Health: 0/52       AC:  8    Str: 13    XL:     6   Next: 98%
Magic:  8/8        EV: 14    Int: 12    God:
Gold:   200        SH:  5    Dex: 29    Spells: 2/5 levels left

rFire   . . .      SeeInvis .    c - +4 short sword (venom)
rCold   . . .      Faith    .    a - +0 buckler
rNeg    + . .      Spirit   .    A - +2 robe of Henotheism {rN+}
rPois   .          Reflect  .    (no helmet)
rElec   .          Harm     .    (no cloak)
rCorr   .          Rampage  .    D - +2 pair of gloves
Will    .....                    v - +0 pair of boots
Stlth   ++++                     (no amulet)
HPRegen 0.28/turn                g - ring of flight
MPRegen 0.11/turn                H - +6 ring of dexterity

@: flying
A: high MP 1, forlorn, divine attributes
a: no special abilities


You were on level 6 of the Dungeon.
You visited 1 branch of the dungeon, and saw 6 of its levels.

You collected 200 gold pieces.

Inventory:

Hand Weapons
 b - a +0 sling
 c - a +4 short sword of venom (weapon)
Armour
 a - a +0 buckler (worn)
 j - a +0 ring mail
 v - a +0 pair of boots (worn)
 A - the +2 robe of Henotheism (worn) {rN+}
   (You found it on level 3 of the Dungeon)

   rN:        It protects you from negative energy.
 D - a +2 pair of gloves (worn)
Magical Staves
 n - a staff of conjuration
Jewellery
 g - a ring of flight (left hand)
 w - a ring of ice
 H - a +6 ring of dexterity (right hand)
Wands
 f - a wand of digging (3)
 I - a wand of iceblast (5)
Scrolls
 d - 2 scrolls of fear
 i - 2 scrolls of fog
 k - 2 scrolls of vulnerability {unknown}
 l - a scroll of torment {unknown}
 o - 5 scrolls of identify {unknown}
 p - 2 scrolls of magic mapping
 t - 2 scrolls of immolation {unknown}
 y - 2 scrolls of amnesia {unknown}
 B - a scroll of poison {unknown}
 C - 2 scrolls of teleportation {unknown}
Potions
 e - a potion of haste
 h - a potion of ambrosia {unknown}
 m - 2 potions of degeneration {unknown}
 q - 3 potions of invisibility {unknown}
 r - 2 potions of attraction {unknown}
 s - 2 potions of cancellation {unknown}
 u - a potion of heal wounds {unknown}
 x - 2 potions of curing
 z - a potion of mutation {unknown}
 F - a potion of flight {unknown}
 G - a potion of lignification {unknown}


   Skills:
 - Level 4.0 Fighting
 + Level 2.9 Dodging
 - Level 4.5 Stealth
 * Level 6.1 Unarmed Combat
 + Level 0.5 Poison Magic


You had 2 spell levels left.
You knew the following spells:

 Your Spells              Type           Power      Damage    Failure   Level
a - Spider Form           Tmut/Pois      0%         N/A       77%         3

Your spell library contained the following spells:

 Spells                   Type           Power      Damage    Failure   Level
 Ensorcelled Hibernation  Hex/Ice        0%         N/A       56%         2
 Lesser Beckoning         Tloc           0%         N/A       56%         2
 Gell's Gravitas          Tloc           0%         N/A       80%         3
 Teleport Other           Tloc           0%         N/A       80%         3
 Olgreb's Toxic Radiance  Pois           1%         N/A       98%         4
 Polar Vortex             Ice            0%         N/A       100%        9


Dungeon Overview and Level Annotations

Branches:
Dungeon (6/15)
 Temple: D:4-7

Annotations:
D:6 exclusion: water moccasin, Prince Ribbit


Innate Abilities, Weirdness & Mutations

You have an increased reservoir of magic. (+10% MP)
You shall have no god before yourself.
Your divine heritage dramatically boosts your attributes as you level up.


Message History

Prince Ribbit lets out a mournful croak.
Unknown command.
Throw: 2 darts (poison)
Press: ? - help, Q - select action, (/) - cycle Shift-Dir - straight line, f/p - Prince Ribbit
Aim: Prince Ribbit (lightly wounded, poisoned, 51% to hit)
You throw a poisoned dart.
The poisoned dart barely misses Prince Ribbit.
Unknown command.
Throw: dart (poison)
Press: ? - help, Q - select action, (/) - cycle Shift-Dir - straight line, f/p - Prince Ribbit
Aim: Prince Ribbit (lightly wounded, poisoned, 51% to hit)
You throw a poisoned dart. The poisoned dart hits Prince Ribbit.
Prince Ribbit is lightly wounded.
Unknown command.
You hit Prince Ribbit.
Prince Ribbit looks as sick as possible!
Prince Ribbit is moderately wounded.
Prince Ribbit hits you! x2
Your +4 short sword of venom stops dripping with poison.
You are now empty-handed.
You miss Prince Ribbit.
Prince Ribbit is heavily wounded.
You block Prince Ribbit's attack. Prince Ribbit closely misses you.
You hit Prince Ribbit.
Prince Ribbit is heavily wounded.
Prince Ribbit closely misses you.
You closely miss Prince Ribbit.
Prince Ribbit is severely wounded.
Prince Ribbit lets out a mournful croak.
Prince Ribbit misses you.
You barely miss Prince Ribbit.
Prince Ribbit is severely wounded.
Prince Ribbit hits you. Prince Ribbit hits you!
* * * LOW HITPOINT WARNING * * *
Your +4 short sword of venom begins to drip with poison!
c - a +4 short sword of venom (weapon)
You closely miss Prince Ribbit.
Prince Ribbit is severely wounded.
Prince Ribbit hits you!
You die...

#.......####...F##
.........(.#.>..(##
................((##
.##......((........#
.# #...(...........#
.# #...........(..# .#
#.............# >#
#.#........F.###
######.#........@...##
##.#........>........#
##...................#
#............##...####
..............#..##
............##...#
.....#.......#..##
...............##
...........#...#


You could see Prince Ribbit (very poisoned).

Vanquished Creatures
  A phantom (D:5)
  Blork the orc (D:5)
  A bullfrog (D:5)
  A scorpion (D:4)
  4 hounds
  3 iguanas
  An orc wizard (D:4)
  4 adders
  A worm (D:2)
  A dart slug (D:4)
  8 orcs
  15 endoplasms
  4 giant cockroaches
  7 goblins
  5 hobgoblins
  3 jackals
  3 quokkas
  3 ball pythons
  8 bats
  4 frilled lizards
  3 kobolds
  2 rats (D:2)
83 creatures vanquished.

Vanquished Creatures (others)
  A giant cockroach (D:4)
  A jackal (D:4)
2 creatures vanquished.

Grand Total: 85 creatures vanquished

Notes
Turn   | Place    | Note
-------+----------+-------------------------------------------
     0 | D:5      | drugrobin the Demigod Delver began the quest for the Orb.
     0 | D:5      | Reached XP level 1. HP: 18/18 MP: 3/3
    39 | D:4      | Reached skill level 2 in Unarmed Combat
   302 | D:2      | Reached XP level 2. HP: 25/25 MP: 4/4
   459 | D:2      | Reached skill level 3 in Unarmed Combat
   761 | D:1      | Reached XP level 3. HP: 30/30 MP: 5/5
  1761 | D:3      | Identified the +2 robe of Henotheism {rN+}
  2319 | D:3      | Reached skill level 4 in Unarmed Combat
  2458 | D:4      | Reached XP level 4. HP: 21/37 MP: 6/6
  2919 | D:4      | Reached XP level 5. HP: 36/45 MP: 7/7
  3637 | D:5      | Reached skill level 5 in Unarmed Combat
  3802 | D:5      | Noticed Blork the orc
  3826 | D:5      | Killed Blork the orc
  3827 | D:5      | Reached XP level 6. HP: 24/52 MP: 8/8
  4209 | D:5      | Noticed a water moccasin
  4339 | D:5      | Reached skill level 6 in Unarmed Combat
  4396 | D:6      | Got Zorrudon's Papyrus of Chilled Vitiation
  4417 | D:6      | Learned a level 3 spell: Spider Form
  4453 | D:6      | Noticed a water moccasin
  4493 | D:6      | Noticed Prince Ribbit
  4533 | D:6      | Slain by Prince Ribbit

Illustrated notes

Levels and vault maps discovered:
D:1:      minmay_arrival_stone_box, layout_basic, st_stairs_8
D:2:      minmay_evil_eye, layout_loops_ring, basic_altar, st_stairs_3,
          minmay_pentomino_pile
D:3:      layout_loops_corners, feat_on_display
D:4:      layout_cave_pods, elyvilon_altar_4, old_standard_altar
D:5:      layout_layer_cave, uniq_blork_the_orc
D:6:      layout_cave_pools, grunt_temple_overflow_lords_of_destruction,
          uniq_prince_ribbit1, uniq_duvessa

Skill      XL: |  1  2  3  4  5  6 |
---------------+-------------------+-----
Unarmed Combat | 2 3 4 5 6 |  6.1
Fighting       | 3 4 |  4.0
Dodging        | 2 |  2.9
Stealth        | |  4.5
Poison Magic   | |  0.5

Action                   |  1- 3 |  4- 6 || total
-------------------------+-------+-------++-------
Melee: Unarmed           |    27 |    58 ||    85
       Short sword       |    74 |    76 ||   150
       Punch             |     2 |       ||     2
 Fire: Sling             |    11 |    13 ||    24
Throw: Dart              |       |    11 ||    11
  Use: Scroll            |       |     1 ||     1
 Stab: Sleeping          |    16 |     6 ||    22
       Distracted        |       |     1 ||     1
Armor: Leather armour    |    26 |       ||    26
       Robe              |     8 |    43 ||    51
Dodge: Dodged            |    44 |    63 ||   107
Block: Buckler           |     2 |    17 ||    19

Table legend: (Time is in decaauts)
 A = Elapsed time spent in this place.
 B = Non-inter-level travel time spent in this place.
 C = Inter-level travel time spent in this place.
 D = Time resting spent in this place.
 E = Time spent auto-exploring this place.
 F = Levels seen in this place.
 G = Mean time per level.
                   A        B        C        D        E       F      G
               +--------+--------+--------+--------+--------+-----+--------+
         Total |   4531 |   4209 |    322 |    250 |   2925 |   6 |  755.2 |
       Dungeon |   4531 |   4209 |    322 |    250 |   2925 |   6 |  755.2 |
               +--------+--------+--------+--------+--------+-----+--------+

Top non-repeatable levels by time:
     D:3: 1044 daAuts
     D:4: 1026 daAuts
     D:5: 874 daAuts
     D:2: 778 daAuts
     D:1: 650 daAuts
     D:6: 156 daAuts
